 Dungeon Crawl Stone Soup version 0.28-b1-25-g9875b3fc8c (webtiles) character file.

Game seed: 12744220251883138157

184 Minsecho the Chiller (level 5, -2/39 HPs)
             Began as a Draconian Ice Elementalist on Feb 1, 2022.
             Slain by an iron imp (7 damage)
             ... on level 3 of the Dungeon.
             The game lasted 00:07:44 (2649 turns).

Minsecho the Chiller (Draconian Ice Elementalist)   Turns: 2649, Time: 00:07:44

Health: -2/39      AC:  5    Str: 10    XL:     5   Next: 36%
Magic:  1/10       EV: 12    Int: 18    God:
Gold:   184        SH:  0    Dex: 11    Spells: 4/10 levels left

rFire   . . .      SeeInvis .   c - +0 dagger
rCold   . . .      Faith    .   (no shield)
rNeg    . . .      Spirit   .   (armour unavailable)
rPois   .          Reflect  .   (helmet restricted)
rElec   .          Harm     .   (no cloak)
rCorr   .          Rampage  .   (no gloves)
Will    .....                   (no boots)
Stlth   ++........              (no amulet)
HPRegen 0.13/turn               (no ring)
MPRegen 0.12/turn               (no ring)

@: attractive
A: AC +5, unfitting armour, cold-blooded
a: no special abilities


You were on level 3 of the Dungeon.
You visited 1 branch of the dungeon, and saw 3 of its levels.

You collected 184 gold pieces.

Inventory:

Hand Weapons
 c - a +0 dagger (weapon)
Missiles
 h - 4 boomerangs
Armour
 d - an orb of guile
Jewellery
 b - a +6 ring of dexterity
Wands
 j - a wand of iceblast (9)
Scrolls
 e - 2 scrolls of enchant weapon {unknown}
 f - a scroll of fog {unknown}
 g - a scroll of vulnerability {unknown}
 i - a scroll of amnesia {unknown}
Potions
 a - a potion of attraction
 k - a potion of mutation {unknown}
 l - a potion of heal wounds {unknown}


   Skills:
 + Level 0.3 Fighting
 + Level 0.1 Short Blades
 + Level 2.1 Dodging
 - Level 1.9 Stealth
 + Level 0.2 Unarmed Combat
 + Level 3.3 Spellcasting
 + Level 5.6 Ice Magic


You had 4 spell levels left.
You knew the following spells:

 Your Spells              Type           Power      Damage    Failure   Level
a - Freeze                Ice            92%        1d10      1%          1
b - Frozen Ramparts       Ice            46%        1d6       4%          3
c - Sublimation of Blood  Necr           3%         N/A       24%         2

Your spell library contained the following spells:

 Spells                   Type           Power      Damage    Failure   Level
 Ozocubu's Armour         Ice            23%        N/A       4%          3
 Wereblood                Tmut           3%         N/A       24%         2
 Ignite Poison            Fire/Tmut/Pois 3%         N/A       43%         3
 Mephitic Cloud           Conj/Pois/Air  3%         N/A       43%         3
 Hailstorm                Conj/Ice       13%        3d5       45%         4
 Freezing Cloud           Conj/Ice/Air   4%         6-21      90%         5
 Summon Forest            Summ/Tloc      1%         N/A       99%         5
 Summon Mana Viper        Hex/Summ       3%         N/A       99%         5
 Summon Cactus Giant      Summ           1%         N/A       100%        6
 Summon Hydra             Summ           1%         N/A       100%        7


Dungeon Overview and Level Annotations

Branches:
Dungeon (3/15)

Altars:
Makhleb


Innate Abilities, Weirdness & Mutations

Your plain brown scales are hard. (AC +5)
You cannot fit into any form of body armour.
You are cold-blooded and may be slowed by cold attacks.


Message History

Unknown command.
Unknown command.
Unknown command.
Unknown command.
Unknown command.
Unknown command.
Unknown command.
Unknown command.
Unknown command.
Unknown command.
Unknown command.
Unknown command.
Unknown command.
Unknown command.
Unknown command.
Unknown command.
Unknown command.
Unknown command.
Unknown command.
Unknown command.
Unknown command.
Unknown command.
Unknown command.
Casting: Freeze (safe; 1% risk of failure)
Confirm with . or Enter, or press ? or * to list all spells.
You don't have enough magic to cast this spell.
The iron imp barely misses you.
You hit the iron imp.
The iron imp is heavily wounded.
You hit the iron imp but do no damage.
The iron imp is heavily wounded.
The iron imp misses you. The iron imp hits you.
You hit the iron imp but do no damage.
The iron imp is heavily wounded.
The iron imp hits you!
* * * LOW HITPOINT WARNING * * *
It was a potion of attraction.
You feel attractive to monsters. The iron imp hits you!
You die...

##############
#...........[#
#........≈≈≈.#
#.....5)§≈≈≈.#
#....@5≈≈....#
##....§§≈.....#
#######
#.....§≈≈.....#
#......
####.†...§8..._..#
#......
#.........≈≈.....#
#......
#.###.....≈≈.....#
#...... #
###......≈≈...:#
.......
###.#<........≈≈≈≈.
.......
.>.............≈§≈
.......


You could see 2 iron imps.

Vanquished Creatures
  A jelly (D:3)
  An iron imp (D:3)
  4 adders
  3 gnolls (D:3)
  2 dart slugs
  7 bats
  5 endoplasms
  A giant cockroach (D:1)
  5 goblins
  4 hobgoblins
  4 quokkas
  10 ball pythons
  A frilled lizard (D:1)
  7 kobolds
  3 rats
58 creatures vanquished.

Notes
Turn   | Place    | Note
-------+----------+-------------------------------------------
     0 | D:1      | Minsecho the Draconian Ice Elementalist began the quest for
                  | the Orb.
     0 | D:1      | Reached XP level 1. HP: 14/14 MP: 3/3
   157 | D:1      | Found a faded altar of an unknown god.
   360 | D:1      | Reached XP level 2. HP: 20/20 MP: 1/5
  1169 | D:1      | Reached XP level 3. HP: 19/26 MP: 4/6
  1328 | D:1      | Learned a level 3 spell: Frozen Ramparts
  1331 | D:1      | Learned a level 2 spell: Sublimation of Blood
  1579 | D:2      | Reached skill level 5 in Ice Magic
  2145 | D:3      | Reached XP level 4. HP: 30/33 MP: 1/8
  2387 | D:3      | Reached XP level 5. HP: 38/38 MP: 3/9
  2603 | D:3      | Found a burning altar of Makhleb.
  2649 | D:3      | Slain by an iron imp

Illustrated notes

Levels and vault maps discovered:
D:1:      nzn_arrival_water_spiral, layout_basic,
          chequers_ecumenical_altar_island
D:2:      layout_rooms
D:3:      layout_basic, demons_altar, serial_corexii_hall,
          corexii_hall_statues_l, corexii_hall_statues_l,
          chequers_hall_statues_wall_a

Skill      XL: |  1  2  3  4 |
---------------+-------------+-----
Ice Magic      | 5 |  5.6
Dodging        | 2 |  2.1
Spellcasting   | 3 |  3.3
Fighting       | |  0.3
Short Blades   | |  0.1
Stealth        | |  1.9
Unarmed Combat | |  0.2

Action                   |  1- 3 |  4- 6 || total
-------------------------+-------+-------++-------
Melee: Dagger            |    58 |     8 ||    66
       Unarmed           |     8 |       ||     8
       Tailslap          |     6 |     1 ||     7
       Punch             |     1 |       ||     1
 Cast: Freeze            |    49 |    29 ||    78
       Frozen Ramparts   |     1 |       ||     1
  Use: Potion            |       |     1 ||     1
 Stab: Sleeping          |     3 |       ||     3
Armor: Skin              |    37 |    10 ||    47
Dodge: Dodged            |    81 |    25 ||   106
